 Dungeon Crawl Stone Soup version 0.27-a0-597-g524d869a0f (webtiles) character file.

Game seed: 4071358169594273472

174 sahdkjhfkaj the Chopper (level 5, -30/50 HPs)
             Began as a Naga Berserker on Mar 11, 2021.
             Was a Believer of Trog.
             Annihilated by an orc warrior
             ... wielding a +0 halberd
              (37 damage)
             ... on level 3 of the Dungeon.
             The game lasted 00:03:04 (2277 turns).

sahdkjhfkaj the Chopper (Naga Berserker)            Turns: 2277, Time: 00:03:04

Health: -30/50     AC:  7    Str: 20    XL:     5   Next: 54%
Magic:  5/5        EV:  5    Int:  7    God:    Trog [**....]
Gold:   90         SH:  0    Dex: 11    Spells: 4/4 levels left

rFire    . . .     SeeInvis +   a - +1 hand axe
rCold    . . .     Faith    .   (no shield)
rNeg     . . .     Spirit   .   l - +0 chain mail
rPois    +         Reflect  .   (no helmet)
rElec    .         Harm     .   (no cloak)
rCorr    .         Rampage  .   g - +0 pair of gloves
Will     ++...                  (no barding)
Stlth    ..........             (no amulet)
HPRegen  1.16/turn              (no ring)
MPRegen  0.09/turn              (no ring)

@: berserk cooldown, regenerating, slowed, very slow
A: large, see invisible, deformed body, poison resistance, slowness 2, spit
poison 1, naga tail 1, AC +1
a: Spit Poison, Renounce Religion, Berserk, Trog's Hand


You were on level 3 of the Dungeon.
You worshipped Trog.
Trog was pleased with you.
You visited 1 branch of the dungeon, and saw 3 of its levels.

You collected 90 gold pieces.

Inventory:

Hand Weapons
 a - a +1 hand axe (weapon)
Armour
 g - a +0 pair of gloves (worn)
 l - a +0 chain mail (worn)
Wands
 k - a wand of flame (19)
Scrolls
 f - 2 scrolls of fear
 h - a scroll of teleportation {unknown}
 i - 2 scrolls of fog
 j - a scroll of enchant weapon
 m - a scroll of noise {unknown}
Potions
 b - 2 potions of curing {unknown}
 c - a potion of brilliance {unknown}
 d - a potion of lignification {unknown}
 e - 2 potions of might {unknown}


   Skills:
 - Level 4.0 Fighting
 + Level 4.7 Axes
 - Level 1.5 Armour
 - Level 1.5 Dodging
 - Level 4.0 Stealth


You had 4 spell levels left.
You didn't know any spells.
Your spell library was empty.

Dungeon Overview and Level Annotations

Branches:
Dungeon (3/15)

Altars:
Cheibriados
Nemelex Xobeh
Okawaru


Innate Abilities, Weirdness & Mutations

Your serpentine skin is tough. (AC +1)
You have supernaturally acute eyesight. (SInv)
Armour fits poorly on your strangely shaped body.
Your system is resistant to poisons. (rPois)
You cover ground very slowly.
You can spit poison.
You have a snake-like lower body.


Message History

The orc wizard points at itself and mumbles some strange words.
The orc wizard flickers and vanishes for a moment.
An orc priest comes into view. It is wielding a +0 hand axe.
The orc priest shouts!
The splash of poison hits the adder.
The adder is poisoned.
The adder is lightly wounded.
The adder bites you.
The adder bites you but does no damage. x2
The orc warrior drinks a potion.
The orc warrior goes berserk!
You have got your breath back.
The adder bites you but does no damage.
Your skin crawls.
You feel strong-willed. The adder bites you but does no damage.
A red film seems to cover your vision as you go berserk!
You feel yourself moving faster!
You feel mighty!
The adder looks more healthy.
The adder bites you but does no damage. The adder bites you.
You closely miss the adder.
The adder is lightly wounded.
You slash the adder!
You kill the adder!
Trog accepts your kill.
You closely miss the orc warrior.
The orc warrior hits you with a +0 halberd!!
Your chain mail prevents you from hitting the orc warrior.
The orc warrior hits you with a +0 halberd!!
You hit the orc warrior but do no damage.
The orc warrior hits you with a +0 halberd!!
* * * LOW HITPOINT WARNING * * *
Unknown command.
Unknown command.
You feel a strong urge to attack something.
The orc warrior completely misses you.
Unknown command.
You feel your anger nearly subside.
You are no longer berserk.
You are exhausted.
You feel yourself slow down.
The orc warrior hits you with a +0 halberd!!!
Ouch! That really hurt!
You die...

#........##.....####.#
#.#####.###....## ..
#.# #.###....# # #.#
#..#####.# #.# #.##
###.### ## #.#####.#
##...#.# .. #.......#
#.....## .# ####.####
##....# .# # # #..#
##.#@## ##.#.##.##
#.## #.##o###†##......
#.# #.###o..#.w....#
#.# ##'#######.######
#.# ##...## #o# #.#
##.....## #o# ##.##
##..)....## #o#
##...####†........#
#.o
#.......'.........+
.$.


You could see an orc warrior (berserk) and an orc wizard (invisible).

Vanquished Creatures
  Ijyb (D:3)
  An orc wizard (D:3)
  5 adders
  4 dart slugs (D:2)
  2 leopard geckos (D:1)
  3 orcs (D:3)
  6 bats
  3 giant cockroaches
  5 hobgoblins
  4 jackals (D:1)
  2 quokkas
  A ball python (D:3)
  5 frilled lizards
  8 goblins
  8 kobolds
  12 rats
70 creatures vanquished.

Notes
Turn   | Place    | Note
-------+----------+-------------------------------------------
     0 | D:1      | sahdkjhfkaj the Naga Berserker began the quest for the Orb.
     0 | D:1      | Reached XP level 1. HP: 21/21 MP: 1/1
   122 | D:1      | Reached skill level 1 in Stealth
   191 | D:1      | Reached XP level 2. HP: 28/28 MP: 2/2
   431 | D:1      | Reached ** piety under Trog
   432 | D:1      | Reached XP level 3. HP: 34/34 MP: 3/3
   514 | D:1      | Found a sparkling altar of Nemelex Xobeh.
  1153 | D:2      | Found an iron altar of Okawaru.
  1340 | D:2      | Reached XP level 4. HP: 21/42 MP: 4/4
  1687 | D:3      | Noticed Ijyb
  1693 | D:3      | Killed Ijyb
  1707 | D:3      | Reached XP level 5. HP: 40/50 MP: 5/5
  2062 | D:3      | Found a snail-covered altar of Cheibriados.
  2260 | D:3      | Noticed an orc warrior
  2277 | D:3      | Annihilated by an orc warrior

Illustrated notes

Levels and vault maps discovered:
D:1:      minmay_arrival_glassed_features, layout_basic,
          chequers_serial_rivers_small_3, serial_park_tiny_1,
          nemelex_altar_shiori
D:2:      layout_rooms, lemuel_doored_altar, minmay_quantized
D:3:      layout_loops_corners, lemuel_crystal_altar,
          nicolae_overflow_crystal_walls, kennysheep_generic_room_10, uniq_ijyb

Skill      XL: |  1  2  3  4 |
---------------+-------------+-----
Stealth        | 2 4 |  4.0
Axes           | 4 |  4.7
Fighting       | 4 |  4.0
Armour         | |  1.5
Dodging        | |  1.5

Action                   |  1- 3 |  4- 6 || total
-------------------------+-------+-------++-------
Melee: Hand axe          |    60 |    61 ||   121
Invok: Berserk           |     3 |     3 ||     6
       Trog's Hand       |       |     1 ||     1
 Abil: Spit Poison       |    34 |    12 ||    46
  Use: Scroll            |     4 |       ||     4
Armor: Animal skin       |     7 |       ||     7
       Scale mail        |     7 |       ||     7
       Chain mail        |     5 |    41 ||    46
Dodge: Dodged            |    31 |    19 ||    50

Table legend: (Time is in decaauts)
 A = Elapsed time spent in this place.
 B = Non-inter-level travel time spent in this place.
 C = Inter-level travel time spent in this place.
 D = Time resting spent in this place.
 E = Time spent auto-exploring this place.
 F = Levels seen in this place.
 G = Mean time per level.
                   A        B        C        D        E       F      G
               +--------+--------+--------+--------+--------+-----+--------+
         Total |   2881 |   2812 |     69 |    118 |   2243 |   3 |  960.3 |
       Dungeon |   2881 |   2812 |     69 |    118 |   2243 |   3 |  960.3 |
               +--------+--------+--------+--------+--------+-----+--------+

Top non-repeatable levels by time:
     D:1: 1147 daAuts
     D:2: 969 daAuts
     D:3: 764 daAuts
